 Dungeon Crawl Stone Soup version 0.30-a0-953-g5f1da4a474 (webtiles) character file.

Game seed: 1205650910571272822

234 sanka the Cutter (level 5, -8/27 HPs)
             Began as a Spriggan Monk on Mar 29, 2023.
             Was a Priest of Zin.
             Killed from afar by Natasha (12 damage)
             ... with a bolt of light
             ... on level 4 of the Dungeon.
             The game lasted 00:06:44 (3601 turns).

sanka the Cutter (Spriggan Monk)                    Turns: 3601, Time: 00:06:45

Health: -8/27      AC:  2    Str: 13    XL:     5   Next: 75%
Magic:  7/7        EV: 19    Int: 13    God:    Zin [***...]
Gold:   212        SH:  0    Dex: 18    Spells: 4/4 levels left

rFire   . . .      SeeInvis +    a - +0 short sword
rCold   . . .      Faith    .    (no shield)
rNeg    . . .      Spirit   .    v - +0 robe
rPois   .          Reflect  .    (helmet restricted)
rElec   .          Rampage  .    (no cloak)
rCorr   .                        (gloves unavailable)
Will    .....                    (boots unavailable)
Stlth   ++                       (no amulet)
HPRegen 0.24/turn                j - +6 ring of strength
MPRegen 0.10/turn                d - ring of flight

@: flying, very quick
A: very small, no large weapons, unfitting armour, see invisible, speed 3
a: Renounce Religion, Recite, Vitalisation, Imprison, Donate Gold


You were on level 4 of the Dungeon.
You worshipped Zin.
Zin was most pleased with you.
You visited 1 branch of the dungeon, and saw 4 of its levels.

You collected 235 gold pieces.
You donated 23 gold pieces to Zin.


Innate Abilities, Weirdness & Mutations

You are very small and have problems with some larger weapons.
You are too small for most types of armour.
You have supernaturally acute eyesight. (SInv)
You cover ground extremely quickly. (Speed+++)


   Skills:
 - Level 2.4 Fighting
 + Level 6.7 Short Blades
 - Level 4.0 Dodging
 - Level 3.0 Stealth
 + Level 1.9 Invocations


You had 4 spell levels left.
You didn't know any spells.
Your spell library contained the following spells:

 Spells                   Type           Power      Damage    Failure   Level
 Foxfire                  Conj/Fire      0%         2x1d2     30%         1
 Freeze                   Ice            0%         1d3       30%         1
 Sting                    Tmut/Pois      0%         1d3       30%         1
 Poisonous Vapours        Pois/Air       0%         N/A       43%         2
 Sublimation of Blood     Necr           0%         N/A       43%         2
 Frozen Ramparts          Ice            0%         1d1       67%         3
 Hailstorm                Conj/Ice       0%         3d3       67%         3
 Inner Flame              Hex/Fire       0%         N/A       67%         3
 Spider Form              Tmut/Pois      0%         N/A       67%         3
 Tukima's Dance           Hex            0%         N/A       67%         3
 Cause Fear               Hex            0%         N/A       97%         4
 Fulminant Prism          Conj/Hex       0%         3d5       97%         4
 Leda's Liquefaction      Hex/Erth       0%         N/A       97%         4
 Passage of Golubria      Tloc           0%         N/A       97%         4
 Petrify                  Tmut/Erth      0%         N/A       97%         4
 Fireball                 Conj/Fire      0%         3d3       100%        5
 Irradiate                Conj/Tmut      0%         3d11      100%        5
 Yara's Violent Unravell  Hex/Tmut       0%         3d3       100%        5
 Starburst                Conj/Fire      0%         6d3       100%        6
 Polar Vortex             Ice            0%         N/A       100%        9

Inventory:

Hand Weapons
 a - a +0 short sword (weapon)
 b - a +0 dagger
Missiles
 m - 3 throwing nets {=f}
Armour
 v - a +0 robe (worn)
Jewellery
 d - a ring of flight (right hand)
 j - a +6 ring of strength (left hand)
Scrolls
 f - 2 scrolls of identify {unknown}
 g - a scroll of butterflies {unknown}
 k - a scroll of brand weapon {unknown}
 l - a scroll of noise {unknown}
 p - a scroll of teleportation {unknown}
 r - a scroll of poison {unknown}
 s - a scroll of blinking {unknown}
 w - a scroll of silence {unknown}
Potions
 c - a potion of ambrosia
 e - 2 potions of curing {unknown}
 h - a potion of mutation {unknown}
 i - 3 potions of flight {unknown}
 n - 2 potions of berserk rage {unknown}
 o - 3 potions of cancellation {unknown}
 q - a potion of heal wounds {unknown}
 t - a potion of haste {unknown}
 u - a potion of lignification {unknown}

Dungeon Overview and Level Annotations

Branches:
Dungeon (4/15)
 Temple: D:4-7

Altars:
Elyvilon
Fedhas
Okawaru
Zin
The Shining One

Annotations:
D:4 Natasha

.........▒▒▒▒▒.......▒
...........▒▒▒▒......▒
...▒▒▒▒▒▒▒▒...▒.▒....▒
....▒ ▒▒▒▒..▒▒▒.▒▒
....▒ ▒▒.▒ ▒▒▒ .....▒
▒▒▒▒▒h▒▒ .....▒
▒▒....▒.▒ .....▒
▒.......▒▒▒ .....▒
▒......i..▒▒ .....▒
▒..........▒▒ .)..▒▒
▒...........▒▒ ▒▒▒▒▒
▒............▒▒
▒▒............▒
▒...........▒▒ ▒▒▒
▒▒..........▒▒▒▒.▒▒
▒▒.▒▒▒▒.▒..<.....▒
▒▒▒▒▒..▒▒▒▒▒▒..▒▒


You could see Natasha.


Message History

Unknown command.
You start waiting.
An endoplasm is nearby!
Natasha, Servant of Life and Death comes into view.
She is carrying a wand of light (4).
Natasha hisses angrily.
Natasha casts a spell at you. The magic dart hits you!
You start resting.
An endoplasm is nearby!
The endoplasm freezes you.
You are frozen.
You hit the endoplasm.
The endoplasm is almost dead.
You hit the endoplasm.
You kill the endoplasm!
No target in view!
You start resting.
Natasha is nearby!
You start resting.
Natasha is nearby!
Natasha stares at you and mumbles some strange words.
You easily resist.
You hit Natasha but do no damage.
Natasha zaps a wand.
The bolt of light hits you!!
Ouch! That really hurt!
* * * LOW HITPOINT WARNING * * *
Natasha zaps a wand.
The bolt of light hits you!
You die...

Action                     |  1- 3 |  4- 6 || total
---------------------------+-------+-------++-------
  Melee: Short sword       |   160 |   117 ||   277
         Punch             |     2 |     3 ||     5
 Invoke: Recite            |       |     1 ||     1
   Stab: Sleeping          |     8 |     8 ||    16
         Distracted        |     1 |       ||     1
 Armour: Robe              |    13 |     5 ||    18
  Dodge: Dodged            |    87 |    66 ||   153

Levels and vault maps discovered:
D:1:      heliophobic_arrival_glass_houses, layout_rooms, minmay_crystal_room
D:2:      layout_basic
D:3:      layout_rooms, good_gods_mini_temple, okawaru_altar_gauntlet_db,
          mainiacjoe_overflow_paths
D:4:      cheibrodos_greedy_goblins, layout_cave_pods, minmay_stone_trees_small,
          uniq_natasha, uniq_grinder

Notes
Turn   | Place    | Note
-------+----------+-------------------------------------------
     0 | D:1      | sanka the Spriggan Monk began the quest for the Orb.
     0 | D:1      | Reached XP level 1. HP: 11/11 MP: 2/2
   176 | D:1      | Reached XP level 2. HP: 16/16 MP: 3/3
   244 | D:1      | Reached skill level 4 in Short Blades
   585 | D:1      | Got the Directory of the Disgusting Winter
  1004 | D:2      | Got the Parchment of Glamour
  1223 | D:2      | Reached XP level 3. HP: 11/19 MP: 4/4
  1921 | D:1      | Reached skill level 5 in Short Blades
  2285 | D:2      | Reached XP level 4. HP: 15/23 MP: 5/5
  2570 | D:3      | Found a blossoming altar of Fedhas.
  2701 | D:3      | Reached skill level 6 in Short Blades
  2916 | D:3      | Found an iron altar of Okawaru.
  3026 | D:3      | Found a white marble altar of Elyvilon.
  3026 | D:3      | Found a glowing golden altar of the Shining One.
  3026 | D:3      | Found a glowing silver altar of Zin.
  3075 | D:3      | Became a worshipper of Zin the Law-Giver
  3075 | D:3      | Reached * piety under Zin
  3075 | D:3      | Reached ** piety under Zin
  3302 | D:4      | Noticed Natasha
  3309 | D:4      | Killed Natasha
  3310 | D:4      | Reached XP level 5. HP: 27/27 MP: 6/6
  3321 | D:4      | Reached *** piety under Zin
  3338 | D:4      | Noticed a phantom
  3391 | D:4      | Killed a phantom
  3392 | D:4      | Reached skill level 1 in Invocations
  3568 | D:4      | Noticed Natasha
  3601 | D:4      | Killed from afar by Natasha

Vanquished Creatures
  A phantom (D:4)
  Natasha (D:4)
  4 gnolls
  4 adders (D:3)
  2 worms
  6 orcs (D:3)
  A ball python (D:3)
  5 bats
  9 endoplasms
  A giant cockroach (D:1)
  A goblin (D:3)
  3 hobgoblins
  3 kobolds
  3 quokkas
  6 frilled lizards
  4 rats
54 creatures vanquished.
